Map: Efflorescence LE

Players

Massa - Winner!

  • Race: Terran Terran
  • League: Platinum
  • Spawn Location: 3:00

qqq - Winner!

  • Race: Zerg Zerg
  • League: Platinum
  • Spawn Location: 12:00

MIXRISH

  • Race: Terran Terran
  • League: Master
  • Spawn Location: 6:00

Дурашка

  • Race: Zerg Zerg
  • League: Diamond
  • Spawn Location: 9:00

VOD

Have the link to the VOD?

Description

Time

  • Played on: Nov. 29, 2020, 5:52 a.m.
  • Length: 6:28
Show
View Real Time Build Order
Export as new Build Order

Massa Terran - Winner!

Build Orders: 2 Factory, Hellion Opening 

Get SALT Encoding   

  12  0:00  SCV  
  13  0:12  SCV  
  14  0:18  Supply Depot  
  14  0:24  SCV  
  15  0:39  SCV  
  15  0:40  Barracks  
  16  0:50  Supply Depot  
  16  0:55  Refinery  
  16  0:56  SCV  
  17  1:06  Refinery  
  17  1:08  SCV  
  18  1:20  SCV  
  20  1:36  Orbital Command  
  19  1:45  Factory  
  19  1:48  Barracks Tech Lab  
  19  2:07  SCV  
  20  2:21  Barracks Reactor  
  20  2:24  Factory  
  20  2:25  SCV  
  21  2:35  Infernal Pre-Igniter  
  21  2:36  Hellion  
  23  2:41  SCV  
  24  2:58  Hellion  
  26  3:03  Barracks Tech Lab  
  26  3:15  Hellion  
  26  3:16  Hellion  
  30  3:43  Supply Depot  
  30  3:45  Supply Depot  
  30  3:49  SCV, Hellion x3  
  30  3:54  Supply Depot  
  36  4:11  Hellion x2  
  36  4:14  Hellion  
  42  4:32  Hellion x2  
  42  4:36  Hellion  
  48  4:53  Widow Mine, Hellion  
  48  4:57  Widow Mine  
  52  5:28  Marine  
  47  5:46  Marine  
  48  6:04  Marine  
Show
View Real Time Build Order
Export as new Build Order

qqq Zerg - Winner!

Build Orders: 3 Hatch before Pool 

Get SALT Encoding   

  12  0:04  Drone  
  13  0:10  Drone  
  14  0:19  Overlord  
  14  1:03  Hatchery  
  13  1:14  Hatchery  
  12  1:20  Drone  
  12  1:24  Drone  
  14  1:27  Drone  
  15  1:46  Spawning Pool  
  14  1:48  Extractor  
  14  1:51  Drone  
  14  1:59  Drone  
  14  2:00  Drone  
  15  2:30  Drone  
  15  2:33  Zergling x8  
  15  2:34  Zergling x2  
  22  2:37  Zergling x2  
  22  2:38  Drone  
  22  2:44  Queen  
  23  2:50  Zergling x2  
  26  2:53  Zergling x2  
  26  2:58  Drone  
  28  3:01  Drone  
  26  3:15  Drone  
  26  3:29  Queen  
  27  3:38  Drone  
  27  3:39  Overlord  
  28  3:43  Overlord  
  28  3:50  Metabolic Boost  
  28  3:59  Drone x2  
  28  4:01  Drone  
  31  4:04  Drone  
  31  4:09  Drone  
  33  4:10  Drone  
  33  4:14  Zergling x2  
  35  4:23  Zergling x4  
  36  4:24  Drone  
  36  4:27  Drone  
  36  4:31  Zergling x2  
  39  4:37  Zergling x2  
  40  4:40  Zergling x4  
  41  4:51  Zergling x4  
  42  5:03  Zergling x2  
  42  5:04  Zergling x2  
  42  5:05  Zergling x2  
  42  5:15  Zergling x2  
  42  5:16  Zergling x2  
  44  5:25  Overlord x4  
  44  5:26  Overlord x2  
  44  5:39  Overlord  
  44  5:47  Hatchery  
  43  5:55  Zergling x2  
  43  5:56  Zergling x6  
  48  5:57  Drone, Zergling x2  
  49  6:10  Zergling x2  
Show
View Real Time Build Order
Export as new Build Order

MIXRISH Terran 

Build Orders:  

Get SALT Encoding   

  12  0:01  SCV  
  13  0:13  SCV  
  14  0:18  Supply Depot  
  14  0:24  Refinery  
  14  0:29  SCV  
  15  0:45  Barracks  
  15  1:14  Barracks  
  15  1:22  Barracks  
  15  1:34  Reaper  
  16  1:47  Bunker  
  16  1:52  SCV  
  17  2:02  Reaper  
  17  2:06  Reaper  
  19  2:13  Reaper  
  20  2:25  Refinery  
  20  2:34  SCV, Reaper  
  22  2:39  Reaper  
  23  2:53  Supply Depot  
  23  3:14  SCV  
  23  3:16  Reaper  
  23  3:23  Reaper  
  23  3:26  SCV  
  25  3:36  Reaper  
  25  3:39  Orbital Command  
  24  3:49  Barracks Reactor  
  25  3:55  Reaper  
  25  3:59  Supply Depot  
  24  4:13  Reaper  
  24  4:14  SCV  
  25  4:26  SCV, Reaper  
  25  4:27  Reaper  
  28  4:35  Reaper  
  28  4:38  SCV  
  30  4:45  Reaper  
  31  4:50  SCV  
  27  5:15  Reaper x2  
  2  5:59  Orbital Command  
Show
View Real Time Build Order
Export as new Build Order

Дурашка Zerg 

Build Orders: Hatch First 

Get SALT Encoding   

  12  0:07  Drone  
  13  0:17  Overlord  
  13  0:20  Drone  
  14  0:41  Drone x3  
  17  0:56  Hatchery  
  16  1:12  Drone x2, Extractor  
  17  1:21  Spawning Pool  
  16  1:28  Drone x2  
  18  1:35  Drone  
  19  1:47  Drone  
  20  2:02  Drone  
  21  2:13  Metabolic Boost  
  21  2:16  Zergling x4  
  21  2:17  Queen x2  
  21  2:18  Zergling x2  
  28  2:24  Overlord  
  28  2:43  Drone x4  
  32  2:53  Drone  
  32  2:55  Lair  
  32  2:56  Extractor  
  32  2:59  Drone  
  33  3:08  Drone x2  
  33  3:11  Drone  
  33  3:20  Drone  
  33  3:21  Queen  
  33  3:23  Overlord  
  36  3:34  Overlord x3  
  36  3:50  Drone  
  36  3:52  Zergling x10  
  42  3:58  Infestation Pit  
  42  4:02  Drone  
  42  4:03  Drone  
  43  4:14  Drone  
  43  4:15  Drone, Queen  
  43  4:16  Queen  
  50  4:31  Baneling Nest  
  50  4:32  Drone  
  50  4:33  Drone x2  
  50  4:34  Drone  
  53  4:39  Drone  
  54  4:47  Drone  
  54  4:49  Roach Warren  
  54  4:50  Drone x2, Hatchery  
  55  4:53  Extractor x2  
  48  5:29  Drone x2  
  48  5:32  Roach  
  48  5:33  Evolution Chamber, Roach x8  
  67  5:36  Evolution Chamber  
  66  5:47  Drone  
  66  5:48  Drone  
  68  5:52  Spine Crawler, Overlord x3  
  68  5:54  Spine Crawler  
  68  5:56  Ravager x2  
Tags
 
Add a new tag
Caveats
  • Supply blocks, unpowered buildings, or Contaminate may cause inaccurate times.
  • Supply counts are checked every 10 seconds.